 Dungeon Crawl Stone Soup version 0.21-a0-442-g848f44b (webtiles) character file.

362 slep the Skirmisher (level 6, 0/62 HPs)
             Began as a Troll Wanderer on Nov 17, 2017.
             Was a Believer of Elyvilon.
             Slain by a mummy (12 damage)
             ... in an ossuary.
             The game lasted 00:14:35 (2424 turns).

slep the Skirmisher (Troll Wanderer)                Turns: 2424, Time: 00:14:46

Health: 0/62       AC:  9    Str: 20    XL:     6   Next: 39%
Magic:  5/5        EV:  9    Int:  7    God:    Elyvilon [**....]
Gold:   236        SH:  8    Dex: 13    Spells: 5/5 levels left

rFire    . . .     SeeInvis +   g - +0 mace
rCold    . . .     Gourm    +   c - +0 shield
rNeg     . . .     Faith    .   a - +2 robe
rPois    .         Spirit   .   (helmet restricted)
rElec    .         Reflect  .   (no cloak)
rCorr    .         Harm     .   (gloves unavailable)
MR       .....                  (boots unavailable)
Stlth    ++........             (no amulet)
HPRegen  0.60/turn              r - ring of see invisible
MPRegen  0.09/turn              (no ring)

@: no status effects
A: unfitting armour, claws 3, molten scales 1, agile 1, fast metabolism 3,
gourmand, mutation resistance 1, regeneration 1, shaggy fur 1, tough skin 2,
weak 1
a: Lesser Healing, Heal Other, Divine Protection, Renounce Religion


You were in an ossuary.
You worshipped Elyvilon.
Elyvilon was pleased with you.
You were not hungry.

You visited 1 branch of the dungeon, and saw 4 of its levels.
You also visited: Ossuary.

You collected 236 gold pieces.

Inventory:

Hand Weapons
 g - a +0 mace (weapon)
Missiles
 h - 112 stones (quivered)
Armour
 a - a +2 robe (worn)
 c - a +0 shield (worn)
 j - a +1 animal skin
Jewellery
 r - a ring of see invisible (left claw)
Wands
 d - a wand of polymorph (8/24)
Scrolls
 e - a scroll of random uselessness {unknown}
 i - 2 scrolls of immolation {unknown}
 n - a scroll of remove curse {unknown}
 q - a scroll of blinking {unknown}
 s - a scroll of magic mapping {unknown}
 t - a scroll of recharging {unknown}
 u - a scroll of identify {unknown}
 v - a scroll of teleportation {unknown}
Potions
 b - a potion of lignification
 l - a potion of degeneration {unknown}
 o - a potion of ambrosia {unknown}
 w - 2 potions of curing {unknown}
 x - a potion of berserk rage {unknown}
Comestibles
 f - 3 bread rations
 m - a meat ration
 p - a royal jelly
 z - 3 chunks of flesh


   Skills:
 + Level 4.3 Fighting
 + Level 2.8 Maces & Flails
 + Level 0.1 Throwing
 + Level 4.2 Dodging
 + Level 1.1 Stealth
 + Level 2.3 Shields


You had 5 spell levels left.
You didn't know any spells.

Dungeon Overview and Level Annotations

Branches:
Dungeon (4/15)
 Temple: D:4-7

Altars:
Elyvilon
Makhleb
Trog

Annotations:
Ossuary Beargit's ghost, novice GrTm


Innate Abilities, Weirdness & Mutations

You are too large for most types of armour.
You have claws for hands.
Your metabolism is lightning-fast.
You like to eat raw meat.
Your natural rate of healing is unusually fast.
You are covered in fur. (AC +1)
You have very tough skin. (AC +2)
You are partially covered in molten scales. (AC +2)
You are agile. (Dex +2)
You are somewhat resistant to further mutation.
You are weak. (Str -2)


Message History

The mummy is severely damaged.
You block the hobgoblin zombie's attack.
The mummy hits you!! The mummy hits you!
You hit the mummy but do no damage.
The mummy is severely damaged.
The hobgoblin zombie closely misses you.
The mummy closely misses you.
You hit the mummy.
The mummy is severely damaged.
The hobgoblin zombie hits you. The mummy hits you!!
* * * LOW HITPOINT WARNING * * *
The mummy closely misses you.
Unknown command.
It was a potion of mutation.
You feel extremely strange.
You feel agile.
You feel weaker.
Molten scales grow over part of your body.
You feel genetically stable.
The hobgoblin zombie hits you but does no damage.
The mummy hits you!
You die...

#....#
#....#
#....#
#....#
#....#
#....#
#..WZ#
#.ZMM#
#.ZZ@#
######


You could see 2 mummies, Beargit's ghost, 2 hobgoblin zombies, a kobold zombie
and an orc zombie.

Vanquished Creatures
  A centaur skeleton (D:4)
  An iguana (D:3)
  2 jellies (D:3)
  Natasha (twice) (D:2 D:4)
  Robin (D:2)
  3 adders
  9 oozes (D:3)
  A worm (D:3)
  4 dart slugs
  4 leopard geckos
  6 orcs
  A ball python (D:3)
  5 giant cockroaches
  22 goblins
  9 hobgoblins
  12 kobolds
  A quokka (D:3)
  4 bats
  6 frilled lizards
  2 gnoll zombies (Ossuary)
  13 rats
  A fungus (D:3)
110 creatures vanquished.

Vanquished Creatures (others)
  3 fungi (D:3)
  7 toadstools (D:3)
10 creatures vanquished.

Grand Total: 120 creatures vanquished

Notes
Turn   | Place    | Note
-------+----------+-------------------------------------------
     0 | D:1      | slep the Troll Wanderer began the quest for the Orb.
     0 | D:1      | slep set off with: a +2 robe, a potion of lignification, a +0 shield, a +0 club, 2 bread rations
     0 | D:1      | Reached XP level 1. HP: 23/23 MP: 0/0
   151 | D:1      | Reached XP level 2. HP: 30/31 MP: 1/1
   630 | D:2      | Found a faded altar of an unknown god.
   643 | D:2      | Became a worshipper of Elyvilon the Healer
   643 | D:2      | Reached * piety under Elyvilon
   684 | D:2      | Noticed Robin
   693 | D:2      | Reached XP level 3. HP: 37/39 MP: 2/2
   751 | D:2      | Killed Robin
   919 | D:2      | Reached skill level 1 in Maces & Flails
   923 | D:2      | Noticed Natasha
   932 | D:2      | Reached XP level 4. HP: 44/48 MP: 3/3
   956 | D:2      | Killed Natasha
  1476 | D:3      | Reached ** piety under Elyvilon
  1641 | D:3      | Reached XP level 5. HP: 47/54 MP: 4/4
  1762 | D:3      | Found a burning altar of Makhleb.
  1771 | D:3      | Noticed a cacodemon
  1774 | D:3      | Noticed a ynoxinul
  1774 | D:3      | Noticed a neqoxec
  1966 | D:3      | Reached XP level 6. HP: 25/62 MP: 5/5
  2170 | D:3      | Found a bloodstained altar of Trog.
  2372 | D:4      | Noticed Natasha
  2381 | D:4      | Killed Natasha
  2387 | D:4      | Found a sand-covered staircase.
  2395 | Ossuary  | Entered an ossuary
  2418 | Ossuary  | Noticed Beargit's ghost (novice GrTm)
  2424 | Ossuary  | Gained mutation: You are agile. (Dex +2) [potion of mutation]
  2424 | Ossuary  | Gained mutation: You are weak. (Str -2) [potion of mutation]
  2424 | Ossuary  | Gained mutation: You are partially covered in molten scales. (AC +2) [potion of mutation]
  2424 | Ossuary  | Gained mutation: You are somewhat resistant to further mutation. [potion of mutation]
  2424 | Ossuary  | Slain by a mummy

Vault maps used:
D:1:      dpeg_arrival_connections, moated_statue, serial_park_tiny_2,
          minmay_distorted
D:2:      cheibrodos_greedy_goblins, chequers_ecumenical_altar_island,
          uniq_robin, uniq_natasha
D:3:      cheibrodos_fertilizer, lemuel_doored_altar, makhleb_altar_promises_db,
          first_bread
D:4:      kennysheep_mini_moat, kennysheep_mini, okawaru_altar_gauntlet_db,
          enter_ossuary_4, kennysheep_generic_room_6, uniq_duvessa
Ossuary:  ossuary_tomb_3

Skill      XL: |  1  2  3  4  5 |
---------------+----------------+-----
Maces & Flails | 1 2 |  2.8
Fighting       | 4 |  4.3
Shields        | 2 |  2.3
Dodging        | 4 |  4.2
Throwing       | |  0.1
Stealth        | |  1.1

Action                   |  1- 3 |  4- 6 || total
-------------------------+-------+-------++-------
Melee: Mace              |   114 |   290 ||   404
       Club              |    12 |       ||    12
Throw: Stone             |     4 |    24 ||    28
  Use: Potion            |     2 |     3 ||     5
 Stab: Sleeping          |       |     5 ||     5
  Eat: Chunk             |    14 |    11 ||    25
Armor: Robe              |    62 |   119 ||   181
Dodge: Dodged            |    37 |   118 ||   155
Block: Shield            |    57 |   124 ||   181

Table legend:
 A = Spawn XP
 B = Non-spawn XP
 C = Spawn XP percentage of total XP
 D = Spawn monster count
 E = Non-spawn monster count
 F = Spawn count percentage of total count
 G = Total turns spent on level
                    A         B        C        D         E        F      G
               +---------+---------+-------+---------+---------+-------+---------
         Total |       0 |     518 |   0.0 |       0 |     109 |   0.0 |  2424
               +---------+---------+-------+---------+---------+-------+---------
           D:1 |       0 |      35 |   0.0 |       0 |      19 |   0.0 |   604
           D:2 |       0 |     132 |   0.0 |       0 |      41 |   0.0 |   872
           D:3 |       0 |     251 |   0.0 |       0 |      37 |   0.0 |   776
           D:4 |       0 |      97 |   0.0 |       0 |      10 |   0.0 |   143
       Ossuary |       0 |       3 |   0.0 |       0 |       2 |   0.0 |    29
               +---------+---------+-------+---------+---------+-------+---------
